 Dungeon Crawl Stone Soup version 0.29.0-4-gdea44cf6ec (webtiles) character file.

Game seed: 11147120133917433661

25 qw the Vexing (level 3, -2/35 HPs)
             Began as an Ogre Enchanter on Sept 3, 2022.
             Slain by a goblin
             ... wielding a +0 dagger
              (3 damage)
             ... on level 1 of the Dungeon.
             The game lasted 00:00:43 (1230 turns).

qw the Vexing (Ogre Enchanter)                      Turns: 1230, Time: 00:00:44

Health: -2/35      AC:  3    Str: 14    XL:     3   Next: 4%
Magic:  6/6        EV:  9    Int: 16    God:
Gold:   33         SH:  0    Dex:  9    Spells: 6/6 levels left

rFire   . . .      SeeInvis .   a - +0 whip
rCold   . . .      Faith    .   (no shield)
rNeg    . . .      Spirit   .   b - +0 robe
rPois   .          Reflect  .   (helmet restricted)
rElec   .          Harm     .   (no cloak)
rCorr   .          Rampage  .   (gloves unavailable)
Will    .....                   (boots unavailable)
Stlth   ++........              (no amulet)
HPRegen 0.11/turn               (no ring)
MPRegen 0.10/turn               (no ring)

@: no status effects
A: large, unfitting armour, tough skin 1
a: no special abilities


You were on level 1 of the Dungeon.
You visited 1 branch of the dungeon, and saw 1 of its levels.

You collected 33 gold pieces.


Innate Abilities, Weirdness & Mutations

You are too large for most types of armour.
You have tough skin. (AC +1)


   Skills:
 + Level 1.8 Fighting
 - Level 0.8 Short Blades
 - Level 2.0 Axes
 - Level 1.7 Dodging
 - Level 2.1 Stealth
 - Level 2.4 Spellcasting
 - Level 2.6 Hexes


You had 6 spell levels left.
You didn't know any spells.
Your spell library contained the following spells:

 Spells                   Type           Power      Damage    Failure   Level
 Ensorcelled Hibernation  Hex/Ice        12%        N/A       17%         2
 Confusing Touch          Hex            10%        N/A       21%         3
 Tukima's Dance           Hex            10%        N/A       21%         3
 Dazzling Flash           Conj/Hex       12%        N/A       34%         3

Inventory:

Hand Weapons
 a - a +0 whip (weapon)
Armour
 b - a +0 robe (worn)
Scrolls
 e - a scroll of teleportation {unknown}
Potions
 c - 2 potions of invisibility
 d - a potion of heal wounds {unknown}

Dungeon Overview and Level Annotations

Branches:
Dungeon (1/15)

Altars:


Message History

The quokka bites you. The goblin hits you but does no damage.
The quokka bites you. x2; The goblin hits you with a +0 dagger.
You closely miss the quokka.
The quokka is heavily wounded.
The quokka bites you but does no damage.
The quokka closely misses you. The goblin hits you but does no damage.
You barely miss the quokka.
The quokka is moderately wounded.
The quokka closely misses you. The quokka bites you.
The quokka bites you but does no damage.
The goblin closely misses you.
You barely miss the quokka.
The quokka is moderately wounded.
The quokka bites you.
The quokka bites you but does no damage.
The goblin closely misses you.
The quokka bites you but does no damage.
You closely miss the quokka.
The quokka is moderately wounded.
The quokka bites you but does no damage.
The quokka bites you. The goblin closely misses you.
You hit the quokka but do no damage.
The quokka is moderately wounded.
The quokka barely misses you.
The quokka bites you but does no damage.
The goblin barely misses you.
The quokka bites you but does no damage.
You closely miss the quokka.
The quokka is moderately wounded.
The quokka bites you. The goblin hits you with a +0 dagger.
The quokka bites you.
You closely miss the quokka.
The quokka is moderately wounded.
The quokka bites you but does no damage.
The quokka barely misses you. The goblin completely misses you.
The quokka completely misses you.
You barely miss the quokka.
The quokka is moderately wounded.
The quokka closely misses you. The goblin hits you with a +0 dagger.
You die...

#................#
#................#
#..........>.....#
#................#
#................#
#................#
######'#JS..######
#.#rg..# #.#@rr.#
##### #.####.# #....
#.####.# #....
##......### #....
#.........# #....
#.........#######....
#....................
#######'#........###.
#.#....)...# #.


You could see an endoplasm, 3 quokkas, a goblin and a ball python.

Vanquished Creatures
  A dart slug (D:1)
  2 endoplasms (D:1)
  A giant cockroach (D:1)
  3 goblins (D:1)
  3 hobgoblins (D:1)
  A ball python (D:1)
  3 bats (D:1)
  3 frilled lizards (D:1)
  A kobold (D:1)
  5 rats (D:1)
23 creatures vanquished.

Vanquished Creatures (others)
  A plant (D:1)
1 creature vanquished.

Grand Total: 24 creatures vanquished

Notes
Turn   | Place    | Note
-------+----------+-------------------------------------------
     0 | D:1      | qw the Ogre Enchanter began the quest for the Orb.
     0 | D:1      | Reached XP level 1. HP: 16/16 MP: 3/3
     0 | D:1      | 0 ||| qw: Version: 0.1-a-102-g441f92d
     0 | D:1      | 0 ||| qw: Game counter: 5112
     0 | D:1      | 0 ||| qw: Always use a shield: true
     0 | D:1      | 0 ||| qw: God list: Okawaru
     0 | D:1      | 0 ||| qw: Allow faded altars: false
     0 | D:1      | 0 ||| qw: Do Orc after D:15 true
     0 | D:1      | 0 ||| qw: Do second Lair branch before Depths: true
     0 | D:1      | 0 ||| qw: Lair rune preference: random
     0 | D:1      | 0 ||| qw: Plans: Normal
     0 | D:1      | 0 ||| PLANNING D:1-11
    83 | D:1      | Found a faded altar of an unknown god.
    84 | D:1      | 84 ||| Stepping ~*~*~tactically~*~*~ (outnumbered).
    85 | D:1      | 85 ||| Stepping ~*~*~tactically~*~*~ (outnumbered).
    86 | D:1      | 86 ||| Stepping ~*~*~tactically~*~*~ (outnumbered).
    87 | D:1      | 87 ||| Stepping ~*~*~tactically~*~*~ (outnumbered).
    88 | D:1      | 88 ||| Stepping ~*~*~tactically~*~*~ (hiding).
    95 | D:1      | Reached skill level 1 in Axes
   104 | D:1      | HP: 4/18 [dart slug/slug dart (3)]
   107 | D:1      | Reached skill level 1 in Fighting
   107 | D:1      | Reached XP level 2. HP: 6/27 MP: 5/5
   336 | D:1      | 336 ||| SWAPPING to +0 club.
   337 | D:1      | 337 ||| DROPPING +1 dagger.
   508 | D:1      | 508 ||| SWAPPING to +0 whip.
   509 | D:1      | 509 ||| DROPPING +0 club.
   710 | D:1      | 710 ||| Stepping ~*~*~tactically~*~*~ (outnumbered).
   711 | D:1      | 711 ||| Stepping ~*~*~tactically~*~*~ (outnumbered).
   712 | D:1      | 712 ||| Stepping ~*~*~tactically~*~*~ (outnumbered).
   940 | D:1      | 940 ||| Stepping ~*~*~tactically~*~*~ (stealth).
   941 | D:1      | 941 ||| Stepping ~*~*~tactically~*~*~ (stealth).
  1082 | D:1      | Reached XP level 3. HP: 30/35 MP: 6/6
  1209 | D:1      | 1209 ||| Stepping ~*~*~tactically~*~*~ (stealth).
  1213 | D:1      | 1213 ||| Stepping ~*~*~tactically~*~*~ (outnumbered).
  1214 | D:1      | 1214 ||| Stepping ~*~*~tactically~*~*~ (outnumbered).
  1215 | D:1      | 1215 ||| Stepping ~*~*~tactically~*~*~ (outnumbered).
  1216 | D:1      | 1216 ||| Stepping ~*~*~tactically~*~*~ (outnumbered).
  1217 | D:1      | 1217 ||| Stepping ~*~*~tactically~*~*~ (outnumbered).
  1226 | D:1      | HP: 6/35 [quokka (4)]
  1228 | D:1      | HP: 2/35 [goblin/+0 dagger (1)]
  1230 | D:1      | Slain by a goblin

Levels and vault maps discovered:
D:1:      dpeg_arrival_prison, layout_basic,
          shapermc_ecumenical_altar_mp_ritualfount, minmay_tall_x

Skill      XL: |  1  2 |
---------------+-------+-----
Axes           | 1 2 |  2.0
Fighting       | 1 |  1.8
Short Blades   | |  0.8
Dodging        | |  1.7
Stealth        | |  2.1
Spellcasting   | |  2.4
Hexes          | |  2.6

Action                   || total
-------------------------++-------
Melee: Dagger            ||    28
       Punch             ||     1
       Whip              ||    71
       Club              ||     7
Armor: Robe              ||    41
Dodge: Dodged            ||    50

Table legend:
 A = Non-vault XP
 B = Vault XP
 C = Vault XP percentage of total XP
 D = Non-vault monster count
 E = Vault monster count
 F = Vault count percentage of total count
                 A         B        C        D         E       F
            +---------+---------+-------+---------+---------+-------
      Total |      33 |       3 |   8.3 |      21 |       2 |   8.7
            +---------+---------+-------+---------+---------+-------
        D:1 |      33 |       3 |   8.3 |      21 |       2 |   8.7
            +---------+---------+-------+---------+---------+-------
